 Dungeon Crawl Stone Soup version 0.30-a0-1160-g6e42c06551 (webtiles) character file.

Game seed: 674248952360299368

5857 kae the Grappler (level 10, -2/87 (88) HPs)
             Began as a Demigod Transmuter on Apr 25, 2023.
             Slain by a yak (6 damage)
             ... on level 9 of the Dungeon.
             The game lasted 00:10:20 (8914 turns).

kae the Grappler (Demigod Transmuter)               Turns: 8914, Time: 00:10:21

HP:   -2/87 (88)    AC:  9    Str: 15    XL:     10   Next: 27%
MP:   18/22         EV: 10    Int: 23    God:
Gold: 519           SH:  0    Dex: 14    Spells: 11/21 levels left

rFire   x .          .
                       - Unarmed
rCold   + + +        (shield currently unavailable)
rNeg    . . .        a - melded +0 robe
rPois   +            (helmet currently unavailable)
rElec   .            x - melded +1 cloak
rCorr   .            (gloves currently unavailable)
SInv    +            l - melded +0 pair of boots
Will    +....        (no amulet)
Stlth   +            v - ring of see invisible
HPRegen 0.34/turn    Z - ring of wizardry
MPRegen 0.18/turn

%: wizardry (x1)
@: ice-form, wereblooded, lightly drained
A: freezing attack, amphibious, boosted hp, large, high MP 1, forlorn, divine
attributes
a: End Transformation


You were on level 9 of the Dungeon.
You were a creature of crystalline ice.
You visited 1 branch of the dungeon, and saw 9 of its levels.
You also visited: Bailey.

You collected 552 gold pieces.
You spent 33 gold pieces at shops.


Innate Abilities, Weirdness & Mutations

You are a creature of crystalline ice.
You have a powerful freezing melee attack.
You are amphibious.
Your maximum health is increased.
Your armour is entirely melded.
You are incapable of wielding weapons or throwing items.
You have an increased reservoir of magic. (+10% MP)
You shall have no god before yourself.
Your divine heritage dramatically boosts your attributes as you level up.


   Skills:
 + Level 2.6 Fighting
 - Level 1.7 Dodging
 - Level 10.0 Unarmed Combat
 - Level 6.0 Spellcasting
 - Level 6.0 Transmutations
 - Level 6.0 Ice Magic
 - Level 2.0 Poison Magic


You had 11 spell levels left.
You knew the following spells:

 Your Spells              Type           Power      Damage    Failure   Level
a - Beastly Appendage     Tmut           68%        N/A       1%          1
b - Wereblood             Tmut           34%        N/A       1%          2
c - Spider Form           Tmut/Pois      25%        N/A       1%          3
d - Ice Form              Ice/Tmut       34%        N/A       2%          4

Your spell library contained the following spells:

 Spells                   Type           Power      Damage    Failure   Level
 Ensorcelled Hibernation  Hex/Ice        40%        N/A       1%          2
 Frozen Ramparts          Ice            68%        1d11      1%          3
 Summon Ice Beast         Ice/Summ       20%        N/A       10%         4

Inventory:

Missiles
 f - 64 stones
 i - 5 javelins
 n - 4 boomerangs
 z - a curare-tipped dart {=f}
 C - 7 poisoned darts
Armour
 a - a +0 robe (melded)
 l - a +0 pair of boots (melded)
   (You found it on level 3 of the Dungeon)
 x - a +1 cloak (melded)
   (You found it on level 5 of the Dungeon)
 B - a +1 pair of boots of rampaging
   (You found it in a bailey)
Magical Staves
 s - the staff of cold "Hingamuu" {rPois rC+ Str+3 Dex+3, !a}
   (You found it in a bailey)

   [staff of cold]

   Base accuracy: +5 Base damage: 5 Base attack delay: 1.2 This weapon's minimum
   attack delay (0.6) is reached at skill level 12.
   Str:       It affects your strength (+3).
   Dex:       It affects your dexterity (+3).
   rC:        It protects you from cold.
   rPois:     It protects you from poison.
   It falls into the 'Staves' category.
   It is a one-handed weapon.
 t - a staff of death {!a}
   (You found it on level 4 of the Dungeon)
Jewellery
 v - a ring of see invisible (left front paw)
   (You found it on level 1 of the Dungeon)
 F - a ring of protection from fire
   (You found it on level 5 of the Dungeon)
 P - a ring of poison resistance
   (You found it on level 7 of the Dungeon)
 T - an amulet of faith {!P}
   (You found it on level 7 of the Dungeon)
 Z - a ring of wizardry (right front paw)
   (You found it on level 1 of the Dungeon)
Wands
 o - a wand of flame (23)
   (You found it on level 4 of the Dungeon)
 q - a wand of iceblast (22)
   (You took it off Pikel on level 4 of the Dungeon)
 A - a wand of mindburst (11)
   (You found it on level 7 of the Dungeon)
Scrolls
 e - 2 scrolls of vulnerability {!r!r}
 r - 3 scrolls of teleportation {@r4}
 u - 2 scrolls of enchant weapon
 w - a scroll of poison {!r}
 y - 2 scrolls of fear
Potions
 b - 2 potions of lignification {!q}
 c - 2 potions of mutation {!q}
 d - 2 potions of magic
 g - a potion of curing {@q1}
 h - 2 potions of invisibility {unknown}
 k - 3 potions of flight
 m - a potion of degeneration {!q}
 p - a potion of brilliance

Dungeon Overview and Level Annotations

Branches:
Dungeon (9/15) Zot: 26930  Temple (0/1) D:7             Orc (0/2) D:9
 Bailey (visited)
   Lair: D:8-11

Shops:
D:1 (!*=:

Annotations:
D:7 2 transporters

... ..... #.. .....
#..## #.....
♣♣#...###......
........Y...z.. ♣.
#...$).oo.... . ♣.
#......o.$...
..###.###.....#######...
.............ozYY.......
..............###'####..
.........<....#


og8 (.............# Kgg# ..............# ooo# ..###.........# .OO# ##.>......#
Tg8# #........# #### #.......... You could see a yak, a troll, 3 orc warriors, a
kobold brigand, 2 ogres, 3 gnoll sergeants, a wight, a gnoll and 2 orcs.


Message History

Your blood is infused with primal strength.
The wight hits you with a +0 great sword.
* * * LOW HITPOINT WARNING * * *
The orc closely misses you.
The wight hits you with a +0 great sword!
* * * LOW HITPOINT WARNING * * *
You feel drained.
* * * LOW HITPOINT WARNING * * *
The orc priest looks encouraged for a moment.
The orc barely misses you.
You hit the wight but do no damage.
The wight hits you with a +0 great sword.
* * * LOW HITPOINT WARNING * * *
You feel drained.
The orc closely misses you. 😱 HP[-15] MP[-2]
You now have 85 max hp (-3).
You take 15 damage, and now have 12/85 hp.
You lost 2 mp, and now have 20/22 mp.
You hit the wight but do no damage. The wight closely misses you.
The orc priest mumbles some strange prayers to Beogh against you.
Beogh smites you!
* * * LOW HITPOINT WARNING * * *
The orc hits you but does no damage. 😱 HP[-10]
You take 10 damage, and now have 2/85 hp.
You hit the wight but do no damage. 😱 HP[+1]
You feel better. The wight misses you.
A wight comes into view. It is wielding a +0 flail.
The orc closely misses you. 😱 HP[+5] MP[+1]
You regained 5 hp, and now have 8/85 hp.
You punch the wight!
You feel a bit better.
You destroy the wight!
The orc hits you from afar with a +0 trident.
* * * LOW HITPOINT WARNING * * *
😱 HP[-2]
You now have 86 max hp (+1).
You take 2 damage, and now have 6/86 hp.
You feel better.
The orc priest hits you with a +0 flail.
* * * LOW HITPOINT WARNING * * *
The orc closely misses you. 😱 HP[+8]
You regained 8 hp, and now have 14/86 hp.
You punch the orc priest! You freeze the orc priest.
You feel a bit better.
You kill the orc priest!
The orc barely misses you. 😱 HP[+2]
You now have 87 max hp (+1).
You regained 2 hp, and now have 16/87 hp.
You barely miss the orc. The orc hits you but does no damage. x2
You hit the orc. You freeze the orc.
You warm up again.
Your +1 cloak unmelds from your body.
Your +0 pair of boots unmelds from your body.
Your +0 robe unmelds from your body.
The orc closely misses you. The orc completely misses you. 😱 HP[-2]
You now have 73 max hp (-14).
You punch the orc!
You feel a bit better.
You kill the orc!
The orc hits you from afar with a +0 trident.
* * * LOW HITPOINT WARNING * * *
😱 HP[-4] MP[+1]
You take 4 damage, and now have 10/73 hp.
Your mp is fully restored (22).
You howl as the wereblood boils in your veins!
You hear a shout!
A gnoll sergeant opens the door.
An orc warrior comes into view. It is wielding a +0 scimitar.
The orc warrior shouts!
A gnoll sergeant comes into view. It is wielding a +0 antimagic spear.
The gnoll sergeant shouts!
You hear a shout!
An orc warrior comes into view.
It is wielding a +1 battleaxe of flaming.
The orc warrior shouts!
You hear a shout!
An ogre comes into view. It is wielding a +0 giant club.
The ogre shouts!
An ogre comes into view. It is wielding a +0 giant club.
The ogre shouts!
You hear a shout!
A troll comes into view.
The troll shouts!
Found a staircase to the Orcish Mines.
A kobold brigand, an orc, an orc warrior and 2 gnolls come into view.
The kobold brigand is wielding a +0 whip and quivering poisoned darts.
The orc warrior is wielding a +2 hand axe of draining and quivering boomerangs of dispersal.
Casting: Wereblood (safe; 1% risk of failure)
Confirm with . or Enter, or press ? or * to list all spells.
You turn into a creature of crystalline ice.
Your +1 cloak melds into your body.
Your +0 pair of boots melds into your body.
Your +0 robe melds into your body.
The kobold brigand shouts!
The gnoll shouts!
The orc shouts!
The gnoll sergeant shouts!
The gnoll sergeant hits you from afar with a +0 spear of flaming.
* * * LOW HITPOINT WARNING * * *
The gnoll sergeant melts you.
* * * LOW HITPOINT WARNING * * *
The yak gores you.
You die...

Skill      XL: |  1  2  3  4  5  6  7  8  9 10 |
---------------+-------------------------------+-----
Transmutations | 2 3 4 5 6 |  6.0
Spellcasting   | 2 3 4 5 6 |  6.0
Poison Magic   | 1 2 |  2.0
Ice Magic      | 3 4 6 |  6.0
Unarmed Combat | 3 4 5 9 10 | 10.0
Fighting       | 2 |  2.6
Dodging        | |  1.7

Action                     |  1- 3 |  4- 6 |  7- 9 | 10-12 || total
---------------------------+-------+-------+-------+-------++-------
  Melee: Unarmed           |   103 |   109 |   282 |    71 ||   565
         Kick              |    21 |       |       |       ||    21
         Headbutt          |     8 |       |       |       ||     8
   Cast: Beastly Appendage |    24 |       |       |       ||    24
         Spider Form       |     5 |     8 |       |       ||    13
         Wereblood         |     1 |     3 |    13 |     5 ||    22
         Ice Form          |       |     2 |    33 |     7 ||    42
  Evoke: Wand              |       |       |    14 |       ||    14
    Use: Scroll            |     8 |       |     8 |     2 ||    18
         Potion            |       |     1 |     3 |     3 ||     7
   Stab: Sleeping          |     1 |       |       |       ||     1
 Armour: Robe              |    14 |     2 |       |       ||    16
         Skin              |       |     9 |    94 |    25 ||   128
  Dodge: Dodged            |    61 |    98 |   125 |    31 ||   315

Levels and vault maps discovered:
D:1:      evilmike_arrival_crescent, layout_loops_corners, serial_shops, shop,
          shop, shop, nicolae_shop_dealshenge, nicolae_shop_window_shopping,
          kennysheep_boxes
D:2:      layout_basic, hellmonk_ecumenical_altar_slurped_away
D:3:      layout_basic, grunt_temple_overflow_opulence
D:4:      layout_loops_ring, uniq_menkaure, uniq_natasha, uniq_pikel
D:5:      layout_rooms
D:6:      layout_basic, nzn_overflow_gifts_of_might_and_magic,
          lemuel_round_altar, nicolae_zen_rock_garden, uniq_edmund
D:7:      layout_cave_pools, mainiacjoe_overflow_chevrons,
          nicolae_wu_jian_wuxing_cycle, mainiacjoe_overflow_24_doors,
          gammafunk_temple_of_torment, elyvilon_altar_5,
          gammafunk_temple_overflow_pools, minmay_temple_entry_mini_moons,
          uniq_duvessa
D:8:      layout_basic, enter_bailey_2, chequers_ossuary_entry_cave,
          nicolae_wwwww
D:9:      layout_big_octagon, kennysheep_orc_monster_closet_entryway,
          nicolae_wooded_promenade, minmay_tree_intersection, jiyva_altar_1

Notes
Turn   | Place    | Note
-------+----------+-------------------------------------------
     0 | D:1      | kae the Demigod Transmuter began the quest for the Orb.
     0 | D:1      | Reached XP level 1. HP: 15/15 MP: 5/5
     0 | D:1      | magus.rc [v1.11.3]
    54 | D:1      | Found Kauruyga's Assorted Antiques.
   103 | D:1      | Found Xaakh's Book Shoppe.
   156 | D:1      | Reached skill level 2 in Transmutations
   161 | D:1      | Reached skill level 2 in Spellcasting
   330 | D:1      | Reached XP level 2. HP: 21/22 MP: 3/7
   335 | D:1      | Learned a level 2 spell: Wereblood
   445 | D:1      | Found Oduleidaul's Jewellery Shoppe.
   648 | D:1      | Found Yqifudocs's Antique Weapon Shop.
   882 | D:1      | Found Alegeus's Distillery.
   892 | D:1      | Bought a potion of curing for 33 gold pieces
  1289 | D:2      | Reached XP level 3. HP: 25/27 MP: 7/9
  1301 | D:2      | Learned a level 3 spell: Spider Form
  1738 | D:2      | You pick up a book of Rime and begin reading...
  1738 | D:2      | You add the spells Frozen Ramparts and Summon Ice Beast to
                  | your library.
  2081 | D:3      | Reached skill level 1 in Poison Magic
  2805 | D:4      | Reached skill level 3 in Transmutations
  2805 | D:4      | Reached XP level 4. HP: 32/34 MP: 7/11
  2913 | D:4      | Noticed a black bear
  2920 | D:4      | Killed a black bear
  2921 | D:4      | Reached skill level 3 in Spellcasting
  2921 | D:4      | Reached skill level 2 in Poison Magic
  2921 | D:4      | Reached XP level 5. HP: 22/39 MP: 8/13
  3037 | D:4      | Learned a level 4 spell: Ice Form
  3205 | D:4      | Reached XP level 6. HP: 29/46 MP: 9/15
  3329 | D:4      | Noticed Natasha
  3343 | D:4      | Killed Natasha
  3344 | D:4      | Reached skill level 4 in Spellcasting
  3344 | D:4      | Reached skill level 1 in Ice Magic
  3354 | D:4      | HP: 11/46 [poisoned by an adder]
  3467 | D:4      | Noticed Menkaure
  3496 | D:4      | Killed Menkaure
  3497 | D:4      | Reached skill level 3 in Unarmed Combat
  3497 | D:4      | Reached skill level 4 in Transmutations
  3497 | D:4      | Reached skill level 2 in Ice Magic
  3638 | D:4      | Noticed Pikel
  3651 | D:4      | Killed Pikel
  3652 | D:4      | Reached skill level 3 in Ice Magic
  3652 | D:4      | Reached XP level 7. HP: 24/51 MP: 12/17
  4053 | D:4      | Noticed Natasha
  4056 | D:4      | Killed Natasha
  4245 | D:5      | Entered Level 5 of the Dungeon
  4421 | D:5      | Reached skill level 4 in Unarmed Combat
  4428 | D:5      | Reached skill level 4 in Ice Magic
  4521 | D:5      | Reached XP level 8. HP: 58/58 MP: 14/18
  4660 | D:5      | Reached skill level 5 in Transmutations
  4704 | D:5      | Reached skill level 5 in Spellcasting
  5186 | D:5      | Reached skill level 5 in Ice Magic
  5484 | D:6      | Noticed Duvessa
  5497 | D:6      | Killed Duvessa
  5588 | D:6      | Noticed Dowan
  5597 | D:6      | Killed Dowan
  5609 | D:6      | Got Sif Muna's Papyrus of the Wyrd
  5677 | D:6      | Noticed Edmund
  5702 | D:6      | HP: 11/69 [Edmund/+1 flail of protection (11)]
  5707 | D:6      | Killed Edmund
  5708 | D:6      | Reached skill level 5 in Unarmed Combat
  6072 | D:7      | Found a transporter.
  6257 | D:7      | Reached skill level 6 in Ice Magic
  6278 | D:7      | Found a transporter.
  6292 | D:7      | Reached XP level 9. HP: 63/63 MP: 19/21
  6345 | D:7      | Found a staircase to the Ecumenical Temple.
  6499 | D:7      | Reached skill level 6 in Transmutations
  6749 | D:7      | Noticed a cyclops
  6767 | D:7      | Killed a cyclops
  6768 | D:7      | Reached skill level 6 in Unarmed Combat
  6768 | D:7      | Reached skill level 6 in Spellcasting
  7222 | D:8      | Found a flagged portal.
  7231 | Bailey   | Entered a bailey
  7241 | Bailey   | Reached skill level 7 in Unarmed Combat
  7473 | Bailey   | Noticed an orc knight
  7540 | Bailey   | Reached skill level 8 in Unarmed Combat
  7541 | Bailey   | Killed an orc knight
  7590 | Bailey   | HP: 16/75 [orc warrior/+0 glaive (12)]
  7672 | Bailey   | Identified the staff of cold "Hingamuu" {rPois rC+ Str+3
                  | Dex+3}
  7855 | D:8      | Found a sand-covered staircase.
  7872 | D:8      | HP: 17/72 [wight/+0 dagger (3)]
  7874 | D:8      | Reached skill level 9 in Unarmed Combat
  7877 | D:8      | Reached XP level 10. HP: 23/67 MP: 20/22
  8460 | D:8      | Identified a +1 robe of the Archmagi
  8885 | D:9      | Reached skill level 10 in Unarmed Combat
  8885 | D:9      | Reached skill level 1 in Fighting
  8894 | D:9      | Reached skill level 2 in Fighting
  8895 | D:9      | HP: 20/87 [wight/+0 morningstar (13)]
  8902 | D:9      | HP: 18/88 [wight/+0 great sword (8)]
  8904 | D:9      | HP: 2/85 [orc priest/divine providence (10)]
  8912 | D:9      | HP: 10/73 [orc/+0 trident (6)]
  8913 | D:9      | Found a staircase to the Orcish Mines.
  8914 | D:9      | HP: 4/87 [gnoll sergeant/+0 spear of flaming (3)]
  8914 | D:9      | Slain by a yak

Vanquished Creatures
  Pikel (D:4)
  An orc knight (Bailey)
  A cyclops (D:7)
  5 yaks
  Menkaure (D:4)
  Edmund (D:6)
  Duvessa (D:6)
  2 ice beasts
  8 orc warriors (Bailey)
  An ogre (D:7)
  A black bear (D:4)
  2 lemures (D:4)
  2 phantoms
  2 kobold brigands
  A gnoll sergeant (D:5)
  3 bullfrogs
  A scorpion (D:5)
  11 wights
  Dowan (D:6)
  4 killer bees (D:8)
  5 howler monkeys
  A jelly (D:8)
  5 orc priests
  7 hounds
  A sleepcap (D:5)
  3 iguanas
  Natasha (twice) (D:4)
  5 orc wizards
  5 gnolls (D:5)
  7 adders
  A white imp (D:7)
  An ufetubus (D:4)
  2 worms
  2 dart slugs
  30 orcs
  7 ball pythons
  7 endoplasms
  2 giant cockroaches
  2 goblins
  5 hobgoblins
  6 quokkas
  3 bats
  3 frilled lizards
  9 kobolds
  2 rats (D:1)
173 creatures vanquished.

Table legend:
 A = Non-vault XP
 B = Vault XP
 C = Vault XP percentage of total XP
 D = Non-vault monster count
 E = Vault monster count
 F = Vault count percentage of total count
                 A         B        C        D         E       F
            +---------+---------+-------+---------+---------+-------
      Total |    5453 |    2915 |  34.8 |     145 |      26 |  15.2
            +---------+---------+-------+---------+---------+-------
        D:1 |      31 |       0 |   0.0 |      18 |       0 |   0.0
        D:2 |      41 |       2 |   4.7 |      11 |       1 |   8.3
        D:3 |      20 |       0 |   0.0 |       7 |       0 |   0.0
        D:4 |     462 |     891 |  65.9 |      20 |       3 |  13.0
        D:5 |    1012 |       0 |   0.0 |      27 |       0 |   0.0
        D:6 |     232 |     366 |  61.2 |       8 |       3 |  27.3
        D:7 |    1264 |       0 |   0.0 |      19 |       0 |   0.0
        D:8 |    1708 |       0 |   0.0 |      26 |       0 |   0.0
        D:9 |     683 |       0 |   0.0 |       9 |       0 |   0.0
     Bailey |       0 |    1656 | 100.0 |       0 |      19 | 100.0
            +---------+---------+-------+---------+---------+-------

Skill      XL: |  1  2  3  4  5  6  7  8  9 10 |
---------------+-------------------------------+-----
Transmutations | 2 3 4 5 6 |  6.0
Spellcasting   | 2 3 4 5 6 |  6.0
Poison Magic   | 1 2 |  2.0
Ice Magic      | 3 4 6 |  6.0
Unarmed Combat | 3 4 5 9 10 | 10.0
Fighting       | 2 |  2.6
Dodging        | |  1.7

Action                     |  1- 3 |  4- 6 |  7- 9 | 10-12 || total
---------------------------+-------+-------+-------+-------++-------
  Melee: Unarmed           |   103 |   109 |   282 |    71 ||   565
         Kick              |    21 |       |       |       ||    21
         Headbutt          |     8 |       |       |       ||     8
   Cast: Beastly Appendage |    24 |       |       |       ||    24
         Spider Form       |     5 |     8 |       |       ||    13
         Wereblood         |     1 |     3 |    13 |     5 ||    22
         Ice Form          |       |     2 |    33 |     7 ||    42
  Evoke: Wand              |       |       |    14 |       ||    14
    Use: Scroll            |     8 |       |     8 |     2 ||    18
         Potion            |       |     1 |     3 |     3 ||     7
   Stab: Sleeping          |     1 |       |       |       ||     1
 Armour: Robe              |    14 |     2 |       |       ||    16
         Skin              |       |     9 |    94 |    25 ||   128
  Dodge: Dodged            |    61 |    98 |   125 |    31 ||   315

Illustrated notes

Table legend:
 A = Kills in this place as a percentage of kills in the entire game.
 B = Kills by you in this place as a percentage of kills by you in the entire game.
 C = Kills by friends in this place as a percentage of kills by friends in the entire game.
 D = Other kills in this place as a percentage of other kills in the entire game.
 E = Experience gained in this place as a percentage of experience gained in the entire game.
 F = Experience gained in this place divided by the number of levels of this place that you have seen.
                   A       B       C       D       E      F
               +-------+-------+-------+-------+-------+----------------------
         Total | 100.0 | 100.0 |   N/A |   N/A | 100.0 | 836.8
       Dungeon |  88.9 |  88.9 |   N/A |   N/A |  80.2 | 745.8
        Bailey |  11.1 |  11.1 |   N/A |   N/A |  19.8 | 1656.0
               +-------+-------+-------+-------+-------+----------------------

Table legend: (Time is in decaauts)
 A = Elapsed time spent in this place.
 B = Non-inter-level travel time spent in this place.
 C = Inter-level travel time spent in this place.
 D = Time resting spent in this place.
 E = Time spent auto-exploring this place.
 F = Levels seen in this place.
 G = Mean time per level.
                   A        B        C        D        E       F      G
               +--------+--------+--------+--------+--------+-----+--------+
         Total |   8849 |   8573 |    276 |    465 |   6228 |  10 |  884.9 |
       Dungeon |   8362 |   8086 |    276 |    373 |   6228 |   9 |  929.1 |
        Bailey |    487 |    487 |      0 |     92 |      0 |   1 |  487.0 |
               +--------+--------+--------+--------+--------+-----+--------+

Top non-repeatable levels by time:
     D:4: 1552 daAuts
     D:8: 1213 daAuts
     D:7: 1035 daAuts
     D:1: 994 daAuts
     D:3: 915 daAuts
     D:6: 861 daAuts
     D:5: 861 daAuts
     D:2: 857 daAuts
  Bailey: 487 daAuts
     D:9: 68 daAuts
